 Dungeon Crawl Stone Soup version 0.26.1-11-gd32895ea62 (webtiles) character file.

Game seed: 15608579441604919308

3383 Zeld the Thrower (level 9, -9/89 HPs)
             Began as a Troll Hunter on June 7, 2021.
             Was a Believer of Yredelemnul.
             Mangled by an orc warrior
             ... wielding a +0 war axe
              (25 damage)
             ... on level 6 of the Dungeon.
             The game lasted 00:15:40 (11936 turns).

Zeld the Thrower (Troll Hunter)                    Turns: 11936, Time: 00:15:41

Health: -9/89      AC:  6    Str: 25    XL:     9   Next: 74%
Magic:  10/10      EV: 12    Int:  7    God:    Yredelemnul [**....]
Gold:   54         SH:  5    Dex: 10    Spells: 8/8 levels left

rFire    . . .     SeeInvis .   (no weapon)
rCold    . . .     Faith    .   (no shield)
rNeg     . . .     Spirit   .   b - +0 robe
rPois    .         Reflect  +   (helmet restricted)
rElec    .         Harm     .   (no cloak)
rCorr    .         Rampage  .   (gloves unavailable)
Will     .....                  (boots unavailable)
Stlth    +.........             p - amulet of reflection
HPRegen  0.64/turn              (no ring)
MPRegen  0.12/turn              (no ring)

@: no status effects
A: large, unfitting armour, claws 3, regeneration 1, shaggy fur 1, tough skin 3
a: Renounce Religion, Animate Remains, Recall Undead Slaves, Injury Mirror


You were on level 6 of the Dungeon.
You worshipped Yredelemnul.
Yredelemnul was pleased with you.
You visited 2 branches of the dungeon, and saw 8 of its levels.

You collected 318 gold pieces.
You spent 264 gold pieces at shops.

Inventory:

Missiles
 c - 5 large rocks
 d - 3 throwing nets
 f - 41 poisoned darts (quivered)
 o - 2 boomerangs
 B - 4 silver javelins
Armour
 b - a +0 robe (worn)
Jewellery
 p - an amulet of reflection (around neck)
Scrolls
 h - a scroll of remove curse
 k - a scroll of enchant weapon {unknown}
 s - a scroll of noise {unknown}
 v - 3 scrolls of teleportation
 w - a scroll of blinking {unknown}
 y - a scroll of silence {unknown}
 z - a scroll of magic mapping {unknown}
Potions
 i - 3 potions of heal wounds
 l - a potion of ambrosia {unknown}
 n - 3 potions of flight {unknown}
 q - 2 potions of cancellation {unknown}
 t - 2 potions of degeneration {unknown}
 u - a potion of mutation {unknown}
 x - a potion of lignification {unknown}
 A - a potion of attraction {unknown}
 C - a potion of curing {unknown}


   Skills:
 + Level 5.6 Fighting
 * Level 9.4 Throwing
 + Level 5.7 Dodging
 - Level 0.3 Stealth
 * Level 3.6 Invocations


You had 8 spell levels left.
You didn't know any spells.
Your spell library was empty.

Dungeon Overview and Level Annotations

Branches:
Dungeon (7/15)             Temple (1/1) D:6

Altars:
Ashenzari
Cheibriados
Elyvilon
Fedhas
Gozag
Hepliaklqana
Kikubaaqudgha
Makhleb
Okawaru
Qazlal
Ru
Sif Muna
Trog
Uskayaw
Vehumet
Wu Jian
Xom
Yredelemnul
The Shining One

Shops:
D:5 (   D:7 !


Innate Abilities, Weirdness & Mutations

You are too large for most types of armour.
You have claws for hands.
Your natural rate of healing is unusually fast.
You are covered in fur. (AC +1)
You have extremely tough skin. (AC +3)


Message History

The orc warrior is severely wounded.
The orc warrior hits you with a +0 war axe!!
You are too injured to fight recklessly!
You are too injured to fight recklessly!
You are too injured to fight recklessly!
You scratch the orc warrior.
The orc warrior is almost dead.
The orc warrior barely misses you.
You scratch the orc warrior.
The orc warrior is almost dead.
The orc warrior hits you with a +0 war axe!
You scratch the orc warrior but do no damage.
The orc warrior is almost dead.
The orc warrior hits you with a +0 war axe!
* * * LOW HITPOINT WARNING * * *
You closely miss the orc warrior.
The orc warrior is almost dead.
The orc warrior hits you with a +0 war axe!!
You die...
Your body rises from the dead as a mindless zombie.

###.#.###.###.# #....
#...#.....#...# #.###
#...#######.### #....
#.........#.# #..##
#...###)....# #..## #...#
#.....# #..#. #...#
#.....####### #[..) #####
#.....o.....# #.###
#....@####.## #.[..
############# #.# #####
#...).......# #)# #
#.#.รท[.####.###.####
###### #.#.##.# #.....[..#
#.....
#.#.##.########.##<#
#.####
###.#.##..........##)# #)#
#####...#.##############.#
#.#
......###.#....##.....##.#
#.####


You could see an orc warrior.

Vanquished Creatures
  Grinder (D:6)
  Eustachio (D:5)
  Menkaure (D:6)
  Edmund (D:6)
  3 orc warriors (D:5)
  3 sky beasts
  A black bear (D:6)
  A phantom (D:4)
  6 centaurs
  4 bullfrogs
  A scorpion (D:5)
  A howler monkey (D:5)
  A bullfrog zombie (D:6)
  6 hounds
  6 orc priests
  4 orc wizards
  2 jellies
  A centaur skeleton (D:4)
  3 iguanas
  6 worker ants
  A killer bee zombie (D:7)
  A hound zombie (D:5)
  16 gnolls
  7 adders
  A shadow imp (D:4)
  2 ufetubi
  An ooze (D:1)
  An adder zombie (D:6)
  An adder skeleton (D:2)
  3 worms
  A dart slug (D:2)
  3 leopard geckos (D:3)
  21 orcs
  2 ball pythons
  11 bats
  8 giant cockroaches
  8 goblins
  9 hobgoblins
  12 jackals
  3 quokkas
  8 frilled lizards
  A jackal zombie (D:3)
  8 kobolds
  A quokka skeleton (D:6)
  7 rats
190 creatures vanquished.

Vanquished Creatures (others)
  An orc (D:7)
  A bush (D:6)
2 creatures vanquished.

Grand Total: 192 creatures vanquished

Notes
Turn   | Place    | Note
-------+----------+-------------------------------------------
     0 | D:1      | Zeld the Troll Hunter began the quest for the Orb.
     0 | D:1      | Reached XP level 1. HP: 19/19 MP: 0/0
   234 | D:1      | Reached XP level 2. HP: 24/28 MP: 1/1
   323 | D:1      | Reached skill level 4 in Throwing
   635 | D:2      | Reached XP level 3. HP: 33/35 MP: 2/2
  1026 | D:2      | Reached XP level 4. HP: 41/42 MP: 3/3
  1717 | D:3      | Reached XP level 5. HP: 38/50 MP: 4/4
  2426 | D:4      | Reached skill level 5 in Throwing
  2462 | D:4      | Noticed a phantom
  2686 | D:4      | Killed a phantom
  2687 | D:4      | Reached XP level 6. HP: 47/59 MP: 5/5
  2900 | D:4      | Found a basalt altar of Yredelemnul.
  2911 | D:4      | Became a worshipper of Yredelemnul the Dark
  3423 | D:4      | Reached skill level 6 in Throwing
  3687 | D:5      | Entered Level 5 of the Dungeon
  3700 | D:5      | Noticed a sky beast
  3770 | D:5      | Killed a sky beast
  3771 | D:5      | Reached XP level 7. HP: 62/67 MP: 6/6
  4120 | D:5      | Found Seyphor's Antique Weapon Emporium.
  4131 | D:5      | Bought a glowing morningstar for 189 gold pieces
  4168 | D:5      | Reached * piety under Yredelemnul
  4192 | D:5      | Reached skill level 7 in Throwing
  4334 | D:5      | Reached XP level 8. HP: 48/78 MP: 7/7
  5297 | D:6      | Noticed Eustachio
  5400 | D:5      | Killed Eustachio
  5672 | D:6      | Reached skill level 8 in Throwing
  6260 | D:6      | Noticed Menkaure
  6271 | D:6      | Killed Menkaure
  6272 | D:6      | Reached skill level 5 in Dodging
  6659 | D:6      | Reached skill level 5 in Fighting
  6722 | D:6      | Noticed Edmund
  6746 | D:6      | Killed Edmund
  6747 | D:6      | Reached XP level 9. HP: 26/78 MP: 8/8
  7593 | D:5      | Reached skill level 1 in Invocations
  7823 | D:6      | Found a staircase to the Ecumenical Temple.
  8080 | Temple   | Entered the Ecumenical Temple
  8526 | D:6      | Found an iron altar of Okawaru.
  8703 | D:6      | HP: 4/88 [orc warrior/+0 trident (16)]
  8704 | D:6      | Reached ** piety under Yredelemnul
  8713 | D:6      | HP: 1/88 [orc warrior/+0 trident (9)]
 10203 | D:6      | Reached skill level 9 in Throwing
 10242 | D:6      | Noticed Grinder
 10245 | D:6      | Paralysed by Grinder for 3 turns
 10275 | D:6      | Paralysed by Grinder for 2 turns
 10283 | D:6      | Killed Grinder
 10615 | D:6      | Found an ancient bone altar of Kikubaaqudgha.
 11347 | D:7      | Found Xeseicosk's Distillery.
 11415 | D:7      | Bought a potion of heal wounds for 75 gold pieces
 11936 | D:6      | Mangled by an orc warrior

Illustrated notes

Levels and vault maps discovered:
D:1:      lightli_arrival_maybe_door_vault, layout_rooms
D:2:      layout_loops_ring
D:3:      layout_basic
D:4:      layout_basic, overflow_temple_1_default
D:5:      layout_basic, serial_shops, shop_fountains
D:6:      layout_basic, overflow_temple_1_default, okawaru_ov_weapons_minmay,
          temple_green, kb_lookout_dungeons_type, uniq_eustachio, uniq_grinder,
          uniq_menkaure, uniq_edmund
D:7:      layout_cave_pools, serial_gnoll_camp, gnoll_camp_mini_loothouse,
          gnoll_camp_mini_hut, gnoll_camp_huts_moat, gnoll_camp_mini_shop
Temple:   eino_temple_rhombus

Skill      XL: |  1  2  3  4  5  6  7  8  9 |
---------------+----------------------------+-----
Throwing       | 4 5 6 7 8 9 |  9.4
Dodging        | 2 3 4 5 |  5.7
Fighting       | 2 3 4 5 |  5.6
Invocations    | 3 |  3.6
Stealth        | |  0.3

Action                   |  1- 3 |  4- 6 |  7- 9 || total
-------------------------+-------+-------+-------++-------
Melee: Unarmed           |   170 |   307 |   629 ||  1106
       Morningstar       |       |       |    40 ||    40
  Use: Scroll            |       |       |     5 ||     5
 Stab: Sleeping          |       |     4 |     2 ||     6
Armor: Robe              |    83 |   107 |   173 ||   363
Dodge: Dodged            |   144 |   103 |   379 ||   626
Block: Other             |       |    46 |   174 ||   220
       Reflection        |       |     2 |     3 ||     5
